Map: Efeméride LE

Players

LowLinK

  • Race: Protoss Protoss
  • League: Diamond
  • Spawn Location: 11:00

Odrade - Winner!

  • Race: Terran Terran
  • League: Gold
  • Spawn Location: 5:00

VOD

Have the link to the VOD?

Description

Time

  • Played on: Feb. 20, 2020, 1:11 p.m.
  • Length: 7:22
Show
View Real Time Build Order
Export as new Build Order

LowLinK Protoss 

Build Orders:  

Get SALT Encoding   

  12  0:00  Probe  
  13  0:13  Probe  
  14  0:17  Pylon  
  14  0:25  Probe  
  15  0:36  Gateway  
  15  0:38  Probe (Chrono Boost)  
  16  0:48  Probe (Chrono Boost), Assimilator  
  17  0:53  Probe (Chrono Boost)  
  18  0:57  Assimilator  
  18  1:04  Probe  
  19  1:16  Probe  
  20  1:19  Pylon  
  20  1:26  Cybernetics Core  
  20  1:29  Probe  
  21  1:41  Probe  
  21  1:42  Zealot  
  24  1:53  Probe, Pylon  
  25  1:59  Warp Gate (Chrono Boost)  
  25  2:09  Gateway  
  25  2:12  Gateway  
  25  2:25  Gateway  
  25  2:34  Gateway  
  25  2:42  Stalker  
  25  3:13  Probe  
  26  3:25  Probe  
  27  3:30  Pylon  
  27  3:35  Stalker  
  27  3:38  Sentry  
  27  3:41  Sentry  
  33  3:50  Stalker  
  33  3:54  Adept  
  37  4:01  Stalker  
  39  4:09  Stalker  
  41  4:17  Stalker  
  41  4:21  Sentry  
  45  4:29  Pylon  
  37  4:47  Stalker x2  
  39  4:57  Stalker  
  39  4:59  Stalker  
  43  5:07  Stalker  
  45  5:16  Stalker  
  47  5:24  Stalker  
  49  5:32  Stalker  
  51  5:41  Stalker  
  53  5:48  Stalker  
  55  5:54  Pylon  
  43  6:16  Stalker x2  
  45  6:19  Stalker  
  47  6:28  Stalker  
  35  6:42  Stalker  
  35  6:45  Stalker  
  37  6:47  Sentry  
  32  7:02  Stalker x2  
  36  7:13  Stalker  
Show
View Real Time Build Order
Export as new Build Order

Odrade Terran - Winner!

Build Orders: 1/1/1, Liberator Opening 

Get SALT Encoding   

  12  0:01  SCV  
  13  0:14  Supply Depot  
  13  0:17  SCV  
  14  0:26  Refinery  
  14  0:30  SCV  
  15  0:43  Barracks  
  15  0:47  SCV  
  16  0:56  Refinery  
  16  0:59  SCV  
  17  1:08  Supply Depot  
  17  1:13  SCV  
  18  1:25  SCV  
  19  1:31  Reaper  
  20  1:41  Factory  
  20  1:52  Orbital Command  
  20  2:03  Reaper  
  21  2:19  SCV  
  22  2:27  Factory Tech Lab  
  22  2:29  Starport  
  22  2:32  Supply Depot  
  22  2:50  SCV  
  23  3:02  SCV  
  24  3:12  Liberator  
  25  3:14  SCV  
  25  3:17  Command Center  
  29  3:29  Barracks Reactor  
  29  3:51  Siege Tank  
  29  3:55  Liberator  
  29  4:13  Marine x2  
  29  4:16  Barracks  
  31  4:23  Siege Tank  
  34  4:30  Orbital Command  
  34  4:31  Marine x2  
  34  4:32  Bunker  
  34  4:33  SCV  
  36  4:52  Marine x2  
  38  5:07  Barracks Tech Lab  
  38  5:10  SCV x2, Marine x2  
  38  5:12  Medivac  
  44  5:19  Barracks  
  44  5:26  SCV, Supply Depot  
  44  5:27  Marine  
  44  5:28  Stimpack, Marine  
  47  5:30  Marine  
  47  5:35  Cyclone  
  51  5:40  SCV x2  
  53  5:52  SCV x2  
  47  6:20  SCV x2, Supply Depot  
  47  6:22  Marauder  
  47  6:23  Supply Depot x2, Marine, Barracks Tech Lab  
  47  6:24  Marine  
  53  6:32  SCV x2, Supply Depot, Medivac  
  52  7:06  Starport Reactor  
Tags
 
Add a new tag
Caveats
  • Supply blocks, unpowered buildings, or Contaminate may cause inaccurate times.
  • Supply counts are checked every 10 seconds.